Barracuda vs Gulls

Created - 6 novembre 2025 at 11:31

Goals
1 2 3 T
Barracuda 0 1 0 1
Gulls 0 0 0 0
Shots
1 2 3 T
Barracuda 2 3 6 11
Gulls 3 0 10 13

GoalsPenalties
1st period
No Goal
No Penalty
2nd period
1. Barracuda , Elmer Soderblom 10 (John Hayden 9) at 0:34 (PP)
Andrew Perrott (ANA) for High sticking (Minor) at 0:31
3rd period
No Goal
Maveric Lamoureux (S J) for Tripping (Minor) at 1:38
Cam Atkinson (ANA) for Holding (Minor) at 2:23
Goalie Stats
Jonas Johansson (S J), 13 saves from 13 shots - (1,000), W, 10-2-2, 60:00 minutes
Cal Petersen (ANA), 10 saves from 11 shots - (0,909), L, 5-8-2, 59:01 minutes
3 StarsOfficial
1 - Jonas Johansson (S J)
2 - Elmer Soderblom (S J)
3 - John Hayden (S J)
Referees : Damian Figueira and Garrett Rank
Linesman : Adam Burnett and Jessica Chartrand
Game Note
No Game Note



Team Name Goals Shots Shots Attemp Shots Blocked PIM HIT PP PK FO%
Barracuda 111262291 / 2 (50%)064%
Gulls 0132054110 / 1 (0%)136%

Barracuda
Player Name POS G A P +/- PIM HIT SHT SB MP PP MP PP SHT PK MP PK SHT FO% FOT GA TA
Alex GallantLW000000007:550:0600:1000% 000
Andy WelinskiD0000000019:520:1800:1000% 000
Brandon BaddockLW0000020015:580:0000:0000% 000
Cavan FitzgeraldD0000000024:490:3000:4500% 000
Chris TerryC/LW/RW0000000016:380:0000:0000% 021
Cole KrygierD0000000013:350:0000:0000% 000
Conor ShearyC/LW/RW0000002017:450:0100:0000% 001
Elmer SoderblomLW1010013020:150:2610:10070% 1001
Jack BeckerC/LW/RW0000000016:020:0000:000100% 100
Jeff KubiakC/LW/RW0000010115:590:2200:0000% 000
John HaydenC0110004021:450:2900:35063% 800
Joshua RoyLW/RW0000011020:090:4200:35060% 510
Maveric LamoureuxD0000200018:150:1800:0000% 000
Michael CallahanD0000000121:120:2700:0000% 000
Nikita PavlychevC0000020015:300:0000:0000% 000
Ryan DzingelC/LW/RW000000009:410:0000:0000% 100
Taylor FedunD000000002:040:0000:0000% 000
Tyler KlevenD0000021020:360:2100:3500% 011
Gulls
Player Name POS G A P +/- PIM HIT SHT SB MP PP MP PP SHT PK MP PK SHT FO% FOT GA TA
Alex Kannok LeipertD0000001023:170:3100:4800% 000
Anders BjorkLW0000001017:440:1400:28050% 200
Andrew PerrottD0000203323:010:4520:1200% 000
Arttu HyryRW0000000021:080:3100:17050% 401
Atley CalvertC0000012016:320:0000:28033% 300
Blake BiondiC000001008:430:0000:0000% 000
Brett DavisLW000000007:230:0000:0000% 000
Cade BorchardtC/LW/RW0000010014:240:0000:0000% 000
Cam AtkinsonLW/RW0000231120:200:4400:03031% 1300
Charlie WrightD0000000120:550:1400:3300% 010
Christian FeltonD0000000014:250:0000:0000% 000
Guillaume BriseboisD0000010019:490:0000:0300% 001
Kailer YamamotoC/RW0000004021:280:4510:2000% 110
Owen BeckC000000000:450:0000:0000% 000
Riley StillmanD0000010017:530:0000:0000% 001
Wyatt BongiovanniLW0000021016:380:0000:00050% 200
Xavier ParentC/LW/RW0000000017:450:0000:0000% 020
Zach SolowRW0000010015:460:0000:0000% 001

Barracuda

5 vs 5 Forward
Line #Left WingCenterRight WingPHYDFOFWanted %Time %Time Play
1Conor ShearyJohn HaydenElmer Soderblom1224026%14:45
2Joshua RoyElmer SoderblomJohn Hayden1223020%11:22
3Chris TerryJoshua RoyNikita Pavlychev1222027%14:58
4Brandon BaddockJack BeckerJoshua Roy1221027%14:54
5 vs 5 Defense
Line #DefenseDefensePHYDFOFWanted %Time %Time Play
1Tyler KlevenCavan Fitzgerald1224032%18:03
2Michael CallahanCavan Fitzgerald1223017%9:28
3Maveric LamoureuxAndy Welinski1222028%15:30
4Cole KrygierMichael Callahan1221023%12:58
Power Play Forward
Line #Left WingCenterRight WingPHYDFOFWanted %Time %Time Play
1Joshua RoyJohn HaydenElmer Soderblom12260100%0:48
2Joshua RoyElmer SoderblomJohn Hayden122400%0:00
Power Play Defense
Line #DefenseDefensePHYDFOFWanted %Time %Time Play
1Cavan FitzgeraldTyler Kleven12260100%0:48
2Michael CallahanCavan Fitzgerald122400%0:00
Penalty Kill 4 Players Forward
Line #CenterWingPHYDFOFWanted %Time %Time Play
1John HaydenJoshua Roy12260100%0:45
2Joshua RoyJohn Hayden122400%0:00
Penalty Kill 4 Players Defense
Line #DefenseDefensePHYDFOFWanted %Time %Time Play
1Cavan FitzgeraldTyler Kleven1226078%0:35
2Maveric LamoureuxCavan Fitzgerald1224022%0:10
Penalty Kill 3 Players
Line #WingPHYDFOFWanted %Time %Time PlayDefenseDefensePHYDFOFWanted %Time %Time Play
1John Hayden122600%0:00 Cavan FitzgeraldTyler Kleven122600%0:00
2Joshua Roy122400%0:00 Cole KrygierCavan Fitzgerald122400%0:00
4 vs 4 Forward
Line #CenterWingPHYDFOFWanted %Time %Time Play
1John HaydenElmer Soderblom12260100%1:14
2Joshua RoyJohn Hayden122400%0:00
4 vs 4 Defense
Line #DefensePHYDFOFWanted %Time %Time Play
1Cavan FitzgeraldMichael Callahan1226066%60% - 0:49
2Andy WelinskiCavan Fitzgerald1224034%40% - 0:25
Last Minutes Offensive
Left WingCenterRight WingDefenseDefense
Conor ShearyJohn HaydenElmer SoderblomTyler KlevenCavan Fitzgerald
Last Minutes Defensive
Left WingCenterRight WingDefenseDefense
Conor ShearyJohn HaydenElmer SoderblomTyler KlevenCavan Fitzgerald
Time
Total ForwardTotal DefenseLast Minutes OffensiveLast Minutes Defensive
60:00 60:00 0:001:14
Extra Forwards
Normal PowerPlayPenalty Kill
John Hayden, Joshua Roy, Conor ShearyElmer Soderblom, John HaydenElmer Soderblom
Extra Defensemen
Normal PowerPlayPenalty Kill
Cavan Fitzgerald, Tyler Kleven, Michael CallahanCavan Fitzgerald, Maveric LamoureuxCavan Fitzgerald
Penalty Shots
Conor Sheary, Chris Terry, Joshua Roy, John Hayden, Elmer Soderblom
Goalie
Jonas Johansson, Jesper Vikman
Scratches
Dylan McIlrath (Healthy), Calle Rosen (Healthy), Jonathan Lekkerimaki (Healthy), Jeremy Brodeur (Healthy), Michael Houser (Healthy)

Gulls

5 vs 5 Forward
Line #Left WingCenterRight WingPHYDFOFWanted %Time %Time Play
1Kailer YamamotoCam AtkinsonArttu Hyry1224032%18:09
2Wyatt BongiovanniArttu HyryXavier Parent1223036%19:59
3Zach SolowAnders BjorkCam Atkinson1222024%13:26
4Cam AtkinsonKailer YamamotoXavier Parent122108%4:24
5 vs 5 Defense
Line #DefenseDefensePHYDFOFWanted %Time %Time Play
1Alex Kannok LeipertAndrew Perrott1224031%17:30
2Guillaume BriseboisAndrew Perrott1223036%20:00
3Riley StillmanCharlie Wright1222029%16:17
4Andrew PerrottAlex Kannok Leipert122104%2:11
Power Play Forward
Line #Left WingCenterRight WingPHYDFOFWanted %Time %Time Play
1Arttu HyryCam AtkinsonKailer Yamamoto12260100%0:45
2Kailer YamamotoCam AtkinsonArttu Hyry122400%0:00
Power Play Defense
Line #DefenseDefensePHYDFOFWanted %Time %Time Play
1Andrew PerrottAlex Kannok Leipert1226069%0:31
2Andrew PerrottCharlie Wright1224031%0:14
Penalty Kill 4 Players Forward
Line #CenterWingPHYDFOFWanted %Time %Time Play
1Cam AtkinsonKailer Yamamoto12260100%0:48
2Xavier ParentAnders Bjork122400%0:00
Penalty Kill 4 Players Defense
Line #DefenseDefensePHYDFOFWanted %Time %Time Play
1Andrew PerrottAlex Kannok Leipert1226031%0:15
2Alex Kannok LeipertAndrew Perrott1224069%0:33
Penalty Kill 3 Players
Line #WingPHYDFOFWanted %Time %Time PlayDefenseDefensePHYDFOFWanted %Time %Time Play
1Cam Atkinson122600%0:00 Alex Kannok LeipertGuillaume Brisebois122600%0:00
2Cam Atkinson122400%0:00 Guillaume BriseboisAndrew Perrott122400%0:00
4 vs 4 Forward
Line #CenterWingPHYDFOFWanted %Time %Time Play
1Kailer YamamotoXavier Parent1226089%1:06
2Wyatt BongiovanniZach Solow1224011%0:08
4 vs 4 Defense
Line #DefensePHYDFOFWanted %Time %Time Play
1Guillaume BriseboisAndrew Perrott1226076%60% - 0:56
2Andrew PerrottAlex Kannok Leipert1224024%40% - 0:18
Last Minutes Offensive
Left WingCenterRight WingDefenseDefense
Arttu HyryCam AtkinsonKailer YamamotoAlex Kannok LeipertGuillaume Brisebois
Last Minutes Defensive
Left WingCenterRight WingDefenseDefense
Arttu HyryCam AtkinsonKailer YamamotoAlex Kannok LeipertGuillaume Brisebois
Time
Total ForwardTotal DefenseLast Minutes OffensiveLast Minutes Defensive
60:00 60:00 1:150:00
Extra Forwards
Normal PowerPlayPenalty Kill
Kailer Yamamoto, Cam Atkinson, Arttu HyryKailer Yamamoto, Arttu HyryCam Atkinson
Extra Defensemen
Normal PowerPlayPenalty Kill
Andrew Perrott, Alex Kannok Leipert, Charlie WrightChristian Felton, Andrew PerrottGuillaume Brisebois
Penalty Shots
Xavier Parent, Cam Atkinson, Wyatt Bongiovanni, Kailer Yamamoto, Arttu Hyry
Goalie
Cal Petersen, Ben Gaudreau
Scratches
Bryan Yoon (Left Eye Injury), Colin Felix (Healthy)


Play-by-Play

1st period


0:01 of 1st period - Cam Atkinson wins face-off versus John Hayden in neutral zone.
0:28 of 1st period - Slapshot by Wyatt Bongiovanni.
0:28 of 1st period - Stopped by Jonas Johansson without a rebound.
0:29 of 1st period - Joshua Roy wins face-off versus Arttu Hyry in Barracuda zone.
0:29 of 1st period - Joshua Roy is hit by Wyatt Bongiovanni.
0:55 of 1st period - Snap shot by John Hayden.
0:55 of 1st period - Shot Blocked by Charlie Wright.
0:57 of 1st period - Slapshot by Michael Callahan.
0:57 of 1st period - Shot Blocked by Cam Atkinson.
0:59 of 1st period - Snap shot by Michael Callahan.
0:59 of 1st period - Shot Misses the Net.
1:01 of 1st period - Snap shot by Conor Sheary.
1:01 of 1st period - Stopped by Cal Petersen with a rebound.
1:03 of 1st period - Slapshot by Conor Sheary.
1:03 of 1st period - Stopped by Cal Petersen with a rebound.
2:40 of 1st period - Snap shot by Atley Calvert.
2:40 of 1st period - Stopped by Jonas Johansson with a rebound.
2:42 of 1st period - Slapshot by Andrew Perrott.
2:42 of 1st period - Stopped by Jonas Johansson without a rebound.
2:43 of 1st period - Joshua Roy wins face-off versus Atley Calvert in Barracuda zone.
5:56 of 1st period - Zach Solow is hit by Brandon Baddock and loses puck.
9:21 of 1st period - Jack Becker is hit by Cam Atkinson and loses puck.
10:20 of 1st period - Zach Solow is hit by Elmer Soderblom and loses puck.
15:45 of 1st period - Icing by Alex Kannok Leipert.
15:46 of 1st period - Arttu Hyry wins face-off versus Ryan Dzingel in Gulls zone.
17:49 of 1st period - Andrew Perrott is hit by Jeff Kubiak and loses puck.
18:46 of 1st period - Michael Callahan is hit by Wyatt Bongiovanni and loses puck.
Goals for this period are 0 for Barracuda vs 0 for Gulls.
Shots for this period are 2 for Barracuda vs 3 for Gulls.

2nd period


0:01 of 2nd period - Elmer Soderblom wins face-off versus Cam Atkinson in neutral zone.
0:10 of 2nd period - Snap shot by Joshua Roy.
0:10 of 2nd period - Deflect By Elmer Soderblom.
0:10 of 2nd period - Stopped by Cal Petersen without a rebound.
0:11 of 2nd period - Elmer Soderblom wins face-off versus Cam Atkinson in Gulls zone.
0:12 of 2nd period - Snap shot by Joshua Roy.
0:12 of 2nd period - Stopped by Cal Petersen without a rebound.
0:13 of 2nd period - Elmer Soderblom wins face-off versus Cam Atkinson in Gulls zone.
0:31 of 2nd period - Minor Penalty to Andrew Perrott for High sticking.
0:32 of 2nd period - John Hayden wins face-off versus Cam Atkinson in Gulls zone.
0:32 of 2nd period - Snap shot by Joshua Roy.
0:32 of 2nd period - Deflect By John Hayden.
0:32 of 2nd period - Shot Misses the Net.
0:32 of 2nd period - Puck is out of play.
0:33 of 2nd period - John Hayden wins face-off versus Cam Atkinson in Gulls zone.
0:34 of 2nd period - Slapshot by Elmer Soderblom.
0:34 of 2nd period - Goal by Elmer Soderblom - Barracuda : 1 - Gulls : 0.
0:35 of 2nd period - Cam Atkinson wins face-off versus Elmer Soderblom in neutral zone.
0:49 of 2nd period - Snap shot by Andrew Perrott.
0:49 of 2nd period - Shot Misses the Net.
1:01 of 2nd period - Wyatt Bongiovanni is hit by Joshua Roy.
8:56 of 2nd period - Christian Felton is hit by Nikita Pavlychev and loses puck.
9:38 of 2nd period - Nikita Pavlychev is hit by Guillaume Brisebois and loses puck.
17:21 of 2nd period - Cavan Fitzgerald is hit by Cam Atkinson and loses puck.
Goals for this period are 1 for Barracuda vs 0 for Gulls.
Shots for this period are 3 for Barracuda vs 0 for Gulls.

3rd period


0:01 of 3rd period - Elmer Soderblom wins face-off versus Cam Atkinson in neutral zone.
0:04 of 3rd period - Snap shot by Joshua Roy.
0:04 of 3rd period - Shot Misses the Net.
0:06 of 3rd period - Slapshot by Michael Callahan.
0:06 of 3rd period - Shot Misses the Net.
0:10 of 3rd period - Snap shot by Joshua Roy.
0:10 of 3rd period - Shot Blocked by Andrew Perrott.
0:12 of 3rd period - Wrist shot by John Hayden.
0:12 of 3rd period - Stopped by Cal Petersen without a rebound.
0:13 of 3rd period - Elmer Soderblom wins face-off versus Cam Atkinson in Gulls zone.
0:14 of 3rd period - Snap shot by John Hayden.
0:14 of 3rd period - Stopped by Cal Petersen without a rebound.
0:15 of 3rd period - Elmer Soderblom wins face-off versus Cam Atkinson in Gulls zone.
0:16 of 3rd period - Snap shot by John Hayden.
0:16 of 3rd period - Deflect By Cam Atkinson.
0:16 of 3rd period - Stopped by Cal Petersen with a rebound.
0:18 of 3rd period - Slapshot by John Hayden.
0:18 of 3rd period - Shot Misses the Net.
0:20 of 3rd period - Wrist shot by Elmer Soderblom.
0:20 of 3rd period - Stopped by Cal Petersen without a rebound.
0:21 of 3rd period - Elmer Soderblom wins face-off versus Cam Atkinson in Gulls zone.
0:22 of 3rd period - Wrist shot by Joshua Roy.
0:22 of 3rd period - Shot Blocked by Andrew Perrott.
0:24 of 3rd period - Slapshot by Cavan Fitzgerald.
0:24 of 3rd period - Shot Misses the Net.
0:26 of 3rd period - Backhand shot by Cavan Fitzgerald.
0:26 of 3rd period - Shot Blocked by Andrew Perrott.
0:28 of 3rd period - Wrist shot by John Hayden.
0:28 of 3rd period - Shot Misses the Net.
0:30 of 3rd period - Slapshot by Cavan Fitzgerald.
0:30 of 3rd period - Shot Misses the Net.
0:32 of 3rd period - Snap shot by Joshua Roy.
0:32 of 3rd period - Deflect By John Hayden.
0:32 of 3rd period - Shot Hit the Post.
0:32 of 3rd period - Puck is out of play.
0:33 of 3rd period - Cam Atkinson wins face-off versus Elmer Soderblom in Gulls zone.
0:38 of 3rd period - Snap shot by Cam Atkinson.
0:38 of 3rd period - Shot Blocked by Michael Callahan.
0:48 of 3rd period - Snap shot by John Hayden.
0:48 of 3rd period - Shot Misses the Net.
1:08 of 3rd period - Off-side.
1:09 of 3rd period - Jack Becker wins face-off versus Arttu Hyry in neutral zone.
1:38 of 3rd period - Minor Penalty to Maveric Lamoureux for Tripping.
1:39 of 3rd period - Cam Atkinson wins face-off versus John Hayden in Barracuda zone.
1:46 of 3rd period - Slapshot by Kailer Yamamoto.
1:46 of 3rd period - Stopped by Jonas Johansson with a rebound.
1:48 of 3rd period - Slapshot by Andrew Perrott.
1:48 of 3rd period - Deflect By Joshua Roy.
1:48 of 3rd period - Stopped by Jonas Johansson with a rebound.
1:50 of 3rd period - Slapshot by Alex Kannok Leipert.
1:50 of 3rd period - Shot Misses the Net.
1:52 of 3rd period - Snap shot by Andrew Perrott.
1:52 of 3rd period - Deflect By Joshua Roy.
1:52 of 3rd period - Stopped by Jonas Johansson with a rebound.
2:23 of 3rd period - Minor Penalty to Cam Atkinson for Holding.
2:24 of 3rd period - John Hayden wins face-off versus Kailer Yamamoto in Gulls zone.
2:32 of 3rd period - Wrist shot by John Hayden.
2:32 of 3rd period - Stopped by Cal Petersen with a rebound.
3:12 of 3rd period - Guillaume Brisebois is hit by Tyler Kleven and loses puck.
3:19 of 3rd period - Wrist shot by Kailer Yamamoto.
3:19 of 3rd period - Stopped by Jonas Johansson without a rebound.
3:20 of 3rd period - John Hayden wins face-off versus Wyatt Bongiovanni in Barracuda zone.
3:35 of 3rd period - Wrist shot by Arttu Hyry.
3:35 of 3rd period - Deflect By Anders Bjork.
3:35 of 3rd period - Shot Hit the Post.
3:35 of 3rd period - Puck is out of play.
3:36 of 3rd period - Arttu Hyry wins face-off versus Joshua Roy in Barracuda zone.
3:38 of 3rd period - Penalty to Maveric Lamoureux is over, Maveric Lamoureux is back on ice.
4:23 of 3rd period - Penalty to Cam Atkinson is over, Cam Atkinson is back on ice.
4:52 of 3rd period - Wyatt Bongiovanni is hit by Brandon Baddock and loses puck.
5:13 of 3rd period - Wrist shot by Anders Bjork.
5:13 of 3rd period - Deflect By Chris Terry.
5:13 of 3rd period - Stopped by Jonas Johansson without a rebound.
5:14 of 3rd period - Anders Bjork wins face-off versus Joshua Roy in Barracuda zone.
5:21 of 3rd period - Slapshot by Cam Atkinson.
5:21 of 3rd period - Stopped by Jonas Johansson without a rebound.
5:22 of 3rd period - Joshua Roy wins face-off versus Anders Bjork in Barracuda zone.
5:53 of 3rd period - Slapshot by Tyler Kleven.
5:53 of 3rd period - Stopped by Cal Petersen with a rebound.
9:00 of 3rd period - Jeff Kubiak is hit by Cam Atkinson and loses puck.
9:27 of 3rd period - Atley Calvert is hit by Nikita Pavlychev and loses puck.
11:59 of 3rd period - Icing by Arttu Hyry.
12:00 of 3rd period - Wyatt Bongiovanni wins face-off versus Elmer Soderblom in Gulls zone.
12:05 of 3rd period - Andy Welinski is hit by Zach Solow and loses puck.
12:31 of 3rd period - Cam Atkinson is hit by Tyler Kleven and loses puck.
14:31 of 3rd period - Tyler Kleven is hit by Riley Stillman and loses puck.
14:54 of 3rd period - Elmer Soderblom is hit by Atley Calvert and loses puck.
16:19 of 3rd period - Conor Sheary is hit by Cade Borchardt and loses puck.
18:08 of 3rd period - John Hayden is hit by Blake Biondi and loses puck.
18:53 of 3rd period - Wrist shot by Kailer Yamamoto.
18:53 of 3rd period - Shot Misses the Net.
18:55 of 3rd period - Snap shot by Kailer Yamamoto.
18:55 of 3rd period - Stopped by Jonas Johansson with a rebound.
18:57 of 3rd period - Snap shot by Kailer Yamamoto.
18:57 of 3rd period - Stopped by Jonas Johansson with a rebound.
18:59 of 3rd period - Wrist shot by Atley Calvert.
18:59 of 3rd period - Stopped by Jonas Johansson without a rebound.
19:00 of 3rd period - John Hynes call a timeout for Gulls.
19:00 of 3rd period - Atley Calvert wins face-off versus John Hayden in Barracuda zone.
19:01 of 3rd period - Gulls, Cal Petersen is pulled from the net.
19:05 of 3rd period - Slapshot by Arttu Hyry.
19:05 of 3rd period - Shot Misses the Net.
19:07 of 3rd period - Snap shot by Guillaume Brisebois.
19:07 of 3rd period - Shot Blocked by Jeff Kubiak.
19:09 of 3rd period - Wrist shot by Alex Kannok Leipert.
19:09 of 3rd period - Stopped by Jonas Johansson without a rebound.
19:10 of 3rd period - John Hayden wins face-off versus Atley Calvert in Barracuda zone.
Goals for this period are 0 for Barracuda vs 0 for Gulls.
Shots for this period are 6 for Barracuda vs 10 for Gulls.